 Dungeon Crawl Stone Soup version 0.18-a0-1126-ga2d7f46 (webtiles) character file.

242 lysy the Firebug (level 5, -5/28 HPs)
             Began as a Deep Elf Fire Elementalist on Jan 20, 2016.
             Slain by derval's ghost (10 damage)
             ... on level 4 of the Dungeon.
             The game lasted 00:12:44 (4527 turns).

lysy the Firebug (Deep Elf Fire Elementalist)       Turns: 4527, Time: 00:12:44

Health: -5/28      AC:  3    Str:  5    XL:     5   Next: 81%
Magic:  1/12       EV:  7    Int: 21    God:
Gold:   94         SH:  0    Dex: 15    Spells: 2 memorised, 7 levels left

rFire  . . .     SeeInvis .     a - +2 dagger (elec)
rCold  . . .     Gourm    .     r - +0 leather armour
rNeg   . . .     Faith    .     (no shield)
rPois  .         Spirit   .     (no helmet)
rElec  .         Dismiss  .     (no cloak)
rCorr  .         Reflect  .     (no gloves)
SustAt .         Harm     .     (no boots)
MR     .....                    (no amulet)
Stlth  ++........               (no ring)
                                (no ring)

@: not resistant to hostile enchantments, unstealthy
A: no striking features
a: no special abilities


You were on level 4 of the Dungeon.
You were not hungry.

You visited 1 branch of the dungeon, and saw 4 of its levels.

You collected 94 gold pieces.


   Skills:
 - Level 2.4 Dodging
 - Level 2.4 Stealth
 + Level 3.8 Spellcasting
 + Level 4.5 Conjurations
 - Level 5.2 Fire Magic


You had 7 spell levels left.
You knew the following spells:

 Your Spells              Type           Power        Failure   Level  Hunger
z - Flame Tongue          Conj/Fire      ###..        3%          1    None
Z - Conjure Flame         Conj/Fire      ###.....     12%         3    ###....

Inventory:

Hand Weapons
 a - a +2 dagger of electrocution (weapon)
Missiles
 e - 3 throwing nets {=f}
 i - 25 poisoned needles
 m - 87 stones (quivered)
Armour
 r - a +0 leather armour (worn)
Scrolls
 d - a scroll of fear
 j - a scroll of identify {@r1}
Potions
 k - a potion of flight
Books
 b - a book of Flames

   Spells                             Type                      Level
   a - Flame Tongue                   Conjuration/Fire             1
   b - Throw Flame                    Conjuration/Fire             2
   c - Conjure Flame                  Conjuration/Fire             3
   d - Inner Flame                    Hexes/Fire                   3
   e - Sticky Flame                   Conjuration/Fire             4
   f - Fireball                       Conjuration/Fire             5
Comestibles
 c - 4 bread rations
 g - a chunk of flesh
 h - a royal jelly
 l - a meat ration
 p - a beef jerky

Dungeon Overview and Level Annotations

Branches:
Dungeon (4/15)
 Temple: D:4-7

Altars:
Xom

Annotations:
D:4 derval's ghost, novice MfSk

▒▒▒▒▒
▒...▒▒▒▒▒▒▒▒▒▒.▒
▒▒▒.........We...▒
▒.....▒▒▒▒▒▒▒▒▒▒▒▒
▒▒▒▒▒...▒▒
.......▒▒ ...!..▒▒
▒▒▒▒▒▒▒


You could see derval's ghost.


Message History

The worker ant twitches its antennae in your direction.
The worker ant barely misses you.
The worker ant bites you but does no damage.
Found a scroll of identify.
A quokka comes into view.
The worker ant bites you.
* * * LOW HITPOINT WARNING * * *
You are lethally poisoned!
The worker ant poisons you!
Derval's ghost lets out a mournful wail.
Read which item? (? for menu, Esc to quit)
As you read the scroll of fear, it crumbles to dust.
You assume a fearsome visage.
The quokka looks frightened!
The worker ant looks frightened!
Derval's ghost is unaffected.
* * * LOW HITPOINT WARNING * * *
You feel sick.
* * * LOW HITPOINT WARNING * * *
You feel sick.
* * * LOW HITPOINT WARNING * * *
You feel sick.
You see here a scroll of identify {@r1}.
j - a scroll of identify {@r1} Drink which item? (? for menu, Esc to quit)
You feel better. Derval's ghost hits you!
* * * LOW HITPOINT WARNING * * *
You feel your power leaking away.
Found an escape hatch in the floor.
There is an escape hatch in the floor here.
Derval's ghost hits you!
You die...

Action                   |  1- 3 |  4- 6 || total
-------------------------+-------+-------++-------
Melee: Dagger            |    40 |    61 ||   101
Throw: Stone             |    28 |    13 ||    41
 Cast: Flame Tongue      |    34 |    66 ||   100
       Conjure Flame     |       |     8 ||     8
  Use: Scroll            |       |    12 ||    12
       Potion            |       |     4 ||     4
 Stab: Sleeping          |     9 |     5 ||    14
  Eat: Chunk             |     4 |       ||     4
       Bread ration      |       |     1 ||     1
       Meat ration       |       |     1 ||     1

Vault maps used:
D:1:      dpeg_arrival_three_smaller_balls
D:2:      patterned_corridor
D:3:      marbit_many_paths, grunt_ministairs_7, st_stairs_5
D:4:      lemuel_upstairs_altar, nicolae_overflow_hidden_temple,
          nicolae_dithmenos_the_darkroom, minmay_temple_entry_junction2,
          uniq_robin, uniq_duvessa

Notes
Turn   | Place    | Note
--------------------------------------------------------------
     0 | D:1      | lysy the Deep Elf Fire Elementalist began the quest for the Orb.
     0 | D:1      | Reached XP level 1. HP: 10/10 MP: 6/6
   470 | D:1      | Reached XP level 2. HP: 15/15 MP: 4/8
   594 | D:1      | Reached skill level 2 in Conjurations
  1358 | D:2      | Reached skill level 4 in Fire Magic
  1358 | D:2      | Reached XP level 3. HP: 19/19 MP: 6/9
  1845 | D:2      | Reached skill level 3 in Conjurations
  2123 | D:3      | Noticed an ogre
  2318 | D:3      | Reached XP level 4. HP: 21/24 MP: 7/10
  2378 | D:3      | Learned a level 3 spell: Conjure Flame
  3205 | D:3      | Killed an ogre
  3205 | D:3      | Reached skill level 4 in Conjurations
  3205 | D:3      | Reached skill level 5 in Fire Magic
  3205 | D:3      | Reached XP level 5. HP: 28/28 MP: 3/11
  4128 | D:3      | Found a shimmering altar of Xom.
  4432 | D:4      | Noticed derval's ghost (novice MfSk)
  4527 | D:4      | Slain by derval's ghost

Vanquished Creatures
  An ogre (D:3)
  An orc wizard (D:3)
  4 adders
  An ooze (D:3)
  3 worms
  A giant gecko (D:1)
  9 orcs (D:3)
  8 bats
  A giant cockroach (D:2)
  6 goblins
  5 hobgoblins
  4 jackals (D:2)
  4 quokkas
  A ball python (D:1)
  7 giant newts
  10 kobolds
  9 rats
75 creatures vanquished.
